 Dungeon Crawl Stone Soup version 0.29.0-4-gdea44cf6ec (webtiles) character file.

Game seed: 17198212190956352327

67 qw the Chopper (level 4, -3/26 HPs)
             Began as a Tengu Warper on Aug 28, 2022.
             Slain by an orc priest
             ... wielding a +0 flail
              (8 damage)
             ... on level 3 of the Dungeon.
             The game lasted 00:00:11 (2410 turns).

qw the Chopper (Tengu Warper)                       Turns: 2410, Time: 00:00:12

Health: -3/26      AC:  4    Str: 13    XL:     4   Next: 18%
Magic:  8/8        EV: 12    Int: 14    God:
Gold:   108        SH:  0    Dex: 13    Spells: 7/7 levels left

rFire   . . .      SeeInvis .   Y - +1 hand axe
rCold   . . .      Faith    .   (no shield)
rNeg    . . .      Spirit   .   b - +0 leather armour
rPois   .          Reflect  .   (helmet restricted)
rElec   .          Harm     .   (no cloak)
rCorr   .          Rampage  .   f - +0 pair of gloves
Will    .....                   (boots unavailable)
Stlth   +.........              (no amulet)
HPRegen 0.08/turn               (no ring)
MPRegen 0.11/turn               (no ring)

@: no status effects
A: beak, talons 3
a: no special abilities


You were on level 3 of the Dungeon.
You visited 1 branch of the dungeon, and saw 3 of its levels.

You collected 108 gold pieces.


Innate Abilities, Weirdness & Mutations

You have a beak for a mouth.
You have claws for feet.


   Skills:
 - Level 2.0 Fighting
 + Level 4.8 Axes
 - Level 1.0 Throwing
 - Level 1.1 Armour
 - Level 2.1 Dodging
 - Level 2.0 Spellcasting
 - Level 2.4 Translocations


You had 7 spell levels left.
You didn't know any spells.
Your spell library contained the following spells:

 Spells                   Type           Power      Damage    Failure   Level
 Blink                    Tloc           16%        N/A       17%         2
 Gell's Gravitas          Tloc           8%         N/A       34%         3
 Lesser Beckoning         Tloc           8%         N/A       34%         3
 Teleport Other           Tloc           8%         N/A       34%         3
 Manifold Assault         Tloc           8%         N/A       97%         5

Inventory:

Hand Weapons
 g - a +0 whip
 Y - a +1 hand axe (weapon)
Armour
 b - a +0 leather armour (worn)
 f - a +0 pair of gloves (worn)
 i - a +0 ring mail
Jewellery
 l - a ring of poison resistance
Scrolls
 c - a scroll of identify
 e - a scroll of noise {unknown}
 h - a scroll of brand weapon {unknown}
 j - 4 scrolls of teleportation
Potions
 a - a potion of curing
 d - a potion of mutation
 k - a potion of might

Dungeon Overview and Level Annotations

Branches:
Dungeon (3/15)

Altars:

Shops:
D:2 [


Message History

A hobgoblin comes into view.
The orc priest moves out of view.
An orc comes into view. It is wielding a +0 hand axe.
Found a coppery potion.
Found an escape hatch in the ceiling.
Found a stone staircase leading down.
The orc shouts!
The orc wizard shouts!
The hobgoblin shouts!
An orc comes into view. It is wielding a +0 flail.
The orc shouts!
The orc barely misses you.
You hit the orc but do no damage. You closely miss the orc.
Your kick misses the orc. Your peck misses the orc.
You closely miss the hobgoblin. The hobgoblin misses you.
The orc hits you with a +0 flail!
You hit the orc.
The orc is severely wounded.
You hit the hobgoblin. The orc closely misses you.
The hobgoblin closely misses you.
You closely miss the orc. You claw the orc.
You kill the orc!
You hit the orc priest but do no damage.
You hit the hobgoblin.
You kill the hobgoblin!
You barely miss the orc wizard. Your kick misses the orc wizard.
You hit the orc priest but do no damage.
You hit the orc. The orc closely misses you. The orc wizard closely misses you.
The orc priest looks encouraged for a moment.
You hit the orc but do no damage. You claw the orc.
You kill the orc!
You hit the orc wizard but do no damage.
You closely miss the orc priest. You barely miss the orc. The orc misses you.
The orc priest hits you with a +0 flail!
The orc wizard barely misses you.
You barely miss the orc wizard.
You hit the orc priest but do no damage.
You barely miss the orc. The orc hits you with a +0 flail.
The orc priest hits you with a +0 flail!
You die...

....%.....#####......##.#
.....####....##......##.#
..^..# ####......##.(..#
.....# #####..####..#
###### #..# #..# ##.#
#..# #.# ##.# ###.# ###
#)@o# ......o)o#
..........# ...........#
.>!........# ...........#
.......<...# ...........#


You could see an orc priest, an orc wizard and an orc.

Vanquished Creatures
  An adder (D:3)
  A worm (D:3)
  A dart slug (D:1)
  4 orcs
  3 ball pythons
  4 bats
  5 endoplasms
  4 giant cockroaches
  3 goblins (D:2)
  4 hobgoblins
  5 jackals
  A quokka (D:1)
  5 kobolds
  A rat (D:3)
42 creatures vanquished.

Notes
Turn   | Place    | Note
-------+----------+-------------------------------------------
     0 | D:1      | qw the Tengu Warper began the quest for the Orb.
     0 | D:1      | Reached XP level 1. HP: 12/12 MP: 4/4
     0 | D:1      | 0 ||| qw: Version: 0.1-a-89-g26bdef1
     0 | D:1      | 0 ||| qw: Game counter: 469
     0 | D:1      | 0 ||| qw: Always use a shield: true
     0 | D:1      | 0 ||| qw: God list: Okawaru
     0 | D:1      | 0 ||| qw: Allow faded altars: false
     0 | D:1      | 0 ||| qw: Do Orc after D:15 true
     0 | D:1      | 0 ||| qw: Do second Lair branch before Depths: true
     0 | D:1      | 0 ||| qw: Lair rune preference: random
     0 | D:1      | 0 ||| qw: Plans: Normal
     0 | D:1      | 0 ||| PLANNING D:1-11
   138 | D:1      | 138 ||| Stepping ~*~*~tactically~*~*~ (stealth).
   139 | D:1      | 139 ||| Stepping ~*~*~tactically~*~*~ (stealth).
   332 | D:1      | Reached skill level 3 in Axes
   332 | D:1      | Reached XP level 2. HP: 13/17 MP: 6/6
   694 | D:1      | 694 ||| Stepping ~*~*~tactically~*~*~ (hiding).
   865 | D:1      | 865 ||| UPGRADING to +0 pair of gloves.
   870 | D:1      | 870 ||| READING scroll labelled ACOT BISHERA.
   871 | D:1      | 871 ||| READING scroll labelled BUONEZ NIEDED.
   872 | D:1      | 872 ||| READING 2 scrolls labelled TAL RECIENO.
   877 | D:1      | 877 ||| READING scroll labelled HEUGAX VUMMY.
   878 | D:1      | 878 ||| DRINKING 2 fuming blue potions.
   879 | D:1      | 879 ||| DROPPING scroll of blinking.
   987 | D:2      | 987 ||| Stepping ~*~*~tactically~*~*~ (stealth).
   992 | D:2      | 992 ||| Stepping ~*~*~tactically~*~*~ (stealth).
  1068 | D:2      | 1068 ||| Stepping ~*~*~tactically~*~*~ (stealth).
  1070 | D:2      | 1070 ||| Stepping ~*~*~tactically~*~*~ (stealth).
  1076 | D:2      | Reached XP level 3. HP: 20/21 MP: 7/7
  1331 | D:2      | Reached skill level 4 in Axes
  1768 | D:2      | Found Baynlem's Antique Armour Shoppe.
  1776 | D:2      | 1776 ||| SHOPLISTING chain mail (117 gold, have 74).
  1776 | D:2      | 1776 ||| SHOPLISTING glowing robe (96 gold, have 74).
  1776 | D:2      | 1776 ||| SHOPLISTING ring mail (104 gold, have 74).
  1776 | D:2      | 1776 ||| SHOPLISTING scale mail (104 gold, have 74).
  1776 | D:2      | 1776 ||| SHOPLISTING translucent hat (234 gold, have 74).
  1868 | D:2      | 1868 ||| READING scroll labelled NENNUG METZOPN.
  1869 | D:2      | 1869 ||| READING 3 scrolls of identify.
  1869 | D:2      | 1869 ||| IDENTIFYING green potion
  1870 | D:2      | 1870 ||| READING 2 scrolls of identify.
  1870 | D:2      | 1870 ||| IDENTIFYING metallic purple potion
  1913 | D:3      | 1913 ||| STAIRDANCE
  2004 | D:3      | 2004 ||| Stepping ~*~*~tactically~*~*~ (stealth).
  2007 | D:3      | 2007 ||| Stepping ~*~*~tactically~*~*~ (stealth).
  2008 | D:3      | 2008 ||| Stepping ~*~*~tactically~*~*~ (stealth).
  2019 | D:3      | 2019 ||| Stepping ~*~*~tactically~*~*~ (stealth).
  2021 | D:3      | 2021 ||| Stepping ~*~*~tactically~*~*~ (stealth).
  2224 | D:3      | Reached XP level 4. HP: 22/26 MP: 8/8
  2410 | D:3      | HP: 5/26 [orc/+0 flail (4)]
  2410 | D:3      | Slain by an orc priest

Levels and vault maps discovered:
D:1:      dpeg_arrival_rooms_b, layout_basic, dk_noncrumbling_4,
          minmay_misc_feat_enclosed
D:2:      layout_basic, serial_shops, shop, nicolae_hexahallways
D:3:      layout_rooms, grunt_ministairs_13

Skill      XL: |  1  2  3 |
---------------+----------+-----
Axes           | 3 4 |  4.8
Fighting       | |  2.0
Throwing       | |  1.0
Armour         | |  1.1
Dodging        | |  2.1
Spellcasting   | |  2.0
Translocations | |  2.4

Action                   |  1- 3 |  4- 6 || total
-------------------------+-------+-------++-------
Melee: Hand axe          |    61 |    18 ||    79
       Kick              |    14 |     3 ||    17
       Peck              |     7 |     1 ||     8
Throw: Boomerang         |    33 |       ||    33
  Use: Scroll            |     7 |       ||     7
       Potion            |     1 |       ||     1
Armor: Leather armour    |    11 |     2 ||    13
Dodge: Dodged            |    26 |    14 ||    40

Table legend:
 A = Non-vault XP
 B = Vault XP
 C = Vault XP percentage of total XP
 D = Non-vault monster count
 E = Vault monster count
 F = Vault count percentage of total count
                 A         B        C        D         E       F
            +---------+---------+-------+---------+---------+-------
      Total |      93 |       4 |   4.1 |      40 |       2 |   4.8
            +---------+---------+-------+---------+---------+-------
        D:1 |      24 |       0 |   0.0 |      12 |       0 |   0.0
        D:2 |      28 |       3 |   9.7 |      14 |       1 |   6.7
        D:3 |      41 |       1 |   2.4 |      14 |       1 |   6.7
            +---------+---------+-------+---------+---------+-------
